 Dungeon Crawl Stone Soup version 0.30-a0-457-g4b7bca3bfa (webtiles) character file.

Game seed: 17135361201046652324

8716 zishaf the Fighter (level 11, -1/38 (85) HPs)
             Began as a Djinni Venom Mage on Dec 13, 2022.
             Was an Elder of Makhleb.
             Killed by nerve-wracking pain
             ... invoked by a shadow imp
             ... summoned by a kobold demonologist
              (14 damage)
             ... on level 10 of the Dungeon.
             The game lasted 00:21:11 (10786 turns).

zishaf the Fighter (Djinni Venom Mage)             Turns: 10786, Time: 00:21:11

HP:   -1/38 (85)    AC:  6    Str:  7    XL:     11   Next: 61%
Gold: 429           EV: 12    Int: 21    God:    Makhleb [****..] SH:  0 Dex: 14

rFire   + + .      SeeInvis .    a - staff of poison
rCold   + . .      Faith    .    (no shield)
rNeg    . . .      Spirit   .    x - +0 steam dragon scales
rPois   ∞          Reflect  .    (no helmet)
rElec   .          Harm     .    (no cloak)
rCorr   .          Rampage  .    B - +0 pair of gloves
Will    +....                    (boots unavailable)
Stlth   ++........               (no amulet)
HPRegen 0.26/turn                c - ring of protection from cold
MPRegen 0.00/turn                j - ring of protection from cold

@: flying, studying Stealth, extremely drained
A: sickness immunity, fire resistance 2, cold vulnerability 1, float, innate
caster, HP casting, extra vitality 1
a: Renounce Religion, Minor Destruction, Lesser Servant of Makhleb, Major
Destruction


You were on level 10 of the Dungeon.
You worshipped Makhleb.
Makhleb was greatly pleased with you.
You visited 1 branch of the dungeon, and saw 10 of its levels.

You collected 504 gold pieces.
You spent 75 gold pieces at shops.

Inventory:

Hand Weapons
 b - a +4 dagger of protection
 v - a +2 whip of electrocution
 w - a +2 sling of freezing
Armour
 x - +0 steam dragon scales (worn)
 B - a +0 pair of gloves (worn)
Magical Staves
 a - a staff of poison (weapon)
Jewellery
 c - a ring of protection from cold (left hand)
 j - a ring of protection from cold (right hand)
 A - a ring of ice
Wands
 l - a wand of charming (4)
 o - a wand of light (5)
 p - a wand of flame (46)
Scrolls
 f - a scroll of butterflies
 g - 3 scrolls of teleportation
 i - a scroll of fear
 n - a scroll of brand weapon
 t - a scroll of blinking
 y - 2 scrolls of fog
 C - a scroll of identify
Potions
 d - a potion of ambrosia
 e - 2 potions of cancellation
 h - 3 potions of heal wounds
 k - 5 potions of curing
 m - 2 potions of attraction
 q - 3 potions of invisibility
 r - 3 potions of haste
 s - 3 potions of might
 u - 5 potions of brilliance
 z - a potion of lignification


   Skills:
 + Level 10.0 Fighting
 - Level 2.1 Dodging
 - Level 1.5 Stealth
 + Level 8.1 Spellcasting
 + Level 9.2 Invocations
 + Level 4.0 Evocations


You had 2 spell levels left.
You knew the following spells:

 Your Spells              Type           Power      Damage    Failure   Level
a - Sting                 Tmut/Pois      100%       1d8       1%          1
b - Poisonous Vapours     Pois/Air       100%       N/A       1%          2
c - Kiss of Death         Conj/Necr      100%       2d13      1%          1
d - Gell's Gravitas       Tloc           42%        N/A       1%          3
z - Mephitic Cloud        Conj/Pois/Air  59%        N/A       1%          3
A - Olgreb's Toxic Radia  Pois           59%        N/A       2%          4
B - Summon Guardian Gole  Hex/Summ       42%        N/A       1%          3
C - Metabolic Englaciati  Hex/Ice        21%        N/A       8%          5
E - Wereblood             Tmut           42%        N/A       1%          2
Your spell library was empty.

Dungeon Overview and Level Annotations

Branches:
Dungeon (10/15)            Temple (0/1) D:7             Orc (0/2) D:10
   Lair: D:8-11

Altars:
Ashenzari
Cheibriados
Dithmenos
Makhleb
Nemelex Xobeh
Okawaru
Uskayaw
Yredelemnul

Shops:
D:1 (   D:2 !=   D:3 =   D:7 ?   D:8 *

Annotations:
D:3 3 runed translucent doors, logorrheac's ghost, amateur OpVM
D:6 2 transporters, ytrimaz's ghost, novice DjFi


Innate Abilities, Weirdness & Mutations

You are immune to sickness and miasma.
You are immune to poison.
Your flesh is very heat resistant. (rF++)
You are vulnerable to cold. (rC-)
You float through the air rather than walking.
You learn spells naturally, not from books.
Your magical power is your life essence.
You have superior vitality. (+4 MHP)


Message History

You feel a surge of power!
Poisonous vapours surround the orc!
The orc is poisoned.
Casting: Poisonous Vapours (safe; 1% risk of failure)
Confirm with . or Enter, or press ? or * to list all spells.
Aiming: Poisonous Vapours (safe; 1% risk of failure)
Press: ? - help, Dir - move target, f/p - orc
Aim: an orc, wielding a +0 hand axe (lightly wounded, very poisoned)
You feel a surge of power!
Poisonous vapours surround the orc!
The orc looks as sick as possible!
The orc hits you with a +0 hand axe.
You closely miss the orc.
The orc is heavily wounded.
The orc hits you with a +0 hand axe.
You hit the orc.
The orc is almost dead.
You kill the orc!
Makhleb accepts your kill.
You feel better.
A kobold demonologist comes into view. It is wielding a +0 falchion.
Casting: Poisonous Vapours (safe; 1% risk of failure)
Confirm with . or Enter, or press ? or * to list all spells.
Aiming: Poisonous Vapours (safe; 1% risk of failure)
Press: ? - help, Dir - move target, f - kobold demonologist
Aim: a kobold demonologist, wielding a +0 falchion and wearing a +0 robe You feel a surge of power!
Poisonous vapours surround the kobold demonologist!
The kobold demonologist is poisoned.
The kobold demonologist casts a spell.
Casting: Poisonous Vapours (safe; 1% risk of failure)
Confirm with . or Enter, or press ? or * to list all spells.
You feel a surge of power!
You begin to radiate toxic energy.
The kobold demonologist looks as sick as possible!
The kobold demonologist casts a cantrip, but nothing happens.
Your toxic aura wanes.
The shadow imp gestures at you. Pain shoots through your body!
* * * LOW HITPOINT WARNING * * *
The shadow imp shouts, "Get thee gone, thou yeasty mumble-news serf!"
The shadow imp gestures at you. Pain shoots through your body!
You die...

.................... .....
#...K.).......
#....##.............
##..........5........
............5.........
........)........##...
......###........##...
.........)............
.............@.......
.......>.)).......##..
.......)).)..)....##.. ..
......†............... ..
........))†............ ..
.......)..............# ..
(.....................## ..
#..........)............
Y)##....##......)..........


You could see a kobold demonologist (very poisoned) and 2 shadow imps.

Vanquished Creatures
  A centaur warrior (D:10)
  Joseph (D:8)
  2 kobold demonologists (D:9)
  Grinder (D:3)
  Sigmund (D:3)
  2 wyverns
  8 yaks
  4 steam dragons
  A warg (D:10)
  Menkaure (D:7)
  3 water moccasins
  2 orc warriors
  4 black bears
  An ogre (D:5)
  5 sky beasts
  2 centaurs
  A phantom (D:6)
  3 kobold brigands
  5 bullfrogs
  A gnoll sergeant (D:7)
  2 scorpions
  3 killer bees (D:6)
  4 howler monkeys
  2 jellies
  2 hounds
  13 orc priests
  5 iguanas
  An iron imp (D:4)
  Jessica (D:3)
  11 orc wizards
  9 gnolls
  2 adders
  4 white imps
  2 ufetubi
  2 worms (D:3)
  A dart slug (D:2)
  36 orcs
  7 ball pythons
  3 bats
  4 endoplasms
  2 giant cockroaches (D:3)
  9 goblins
  8 hobgoblins
  6 jackals
  A quokka (D:1)
  2 frilled lizards (D:2)
  19 kobolds
  3 rats (D:1)
213 creatures vanquished.

Vanquished Creatures (others)
  A shadow (D:10)
  A wraith (D:9)
  12 wights
  An orc (D:10)
  A plant (D:3)
16 creatures vanquished.

Grand Total: 229 creatures vanquished

Notes
Turn   | Place    | Note
-------+----------+-------------------------------------------
     0 | D:1      | zishaf the Djinni Venom Mage began the quest for the Orb.
     0 | D:1      | zishaf set off with the following spells memorised: Sting,
                  | Poisonous Vapours, Mephitic Cloud, Olgreb's Toxic Radiance.
     0 | D:1      | Reached XP level 1. HP: 15/15 MP: 0/0
   154 | D:1      | Found Heiz's Weapon Shoppe.
   159 | D:1      | Reached skill level 1 in Fighting
   159 | D:1      | Reached XP level 2. HP: 19/22 MP: 0/0
   449 | D:1      | Reached XP level 3. HP: 20/27 MP: 0/0
   449 | D:1      | Learned a level 1 spell: Kiss of Death
  1008 | D:2      | Found Ablimit's Jewellery Shop.
  1272 | D:2      | Found Kuhyny's Distillery.
  1278 | D:2      | Bought a potion of curing for 33 gold pieces
  1286 | D:2      | Reached skill level 2 in Fighting
  1547 | D:3      | Found Wucie's Jewellery Shop.
  1574 | D:3      | Noticed Sigmund
  1600 | D:3      | Killed Sigmund
  1601 | D:3      | Reached skill level 3 in Fighting
  1601 | D:3      | Reached XP level 4. HP: 25/37 MP: 0/0
  1601 | D:3      | Reached XP level 5. HP: 28/41 MP: 0/0
  1601 | D:3      | Learned a level 2 spell: Wereblood
  1601 | D:3      | Reached XP level 6. HP: 32/47 MP: 0/0
  1684 | D:3      | Found a burning altar of Makhleb.
  1696 | D:3      | Became a worshipper of Makhleb the Destroyer
  1743 | D:3      | Reached skill level 4 in Fighting
  1743 | D:3      | Reached skill level 1 in Invocations
  1840 | D:3      | Noticed Jessica
  1849 | D:3      | Killed Jessica
  1923 | D:3      | Noticed Grinder
  1924 | D:3      | Paralysed by Grinder for 2 turns
  1975 | D:3      | Killed Grinder
  1976 | D:3      | Reached XP level 7. HP: 21/53 MP: 0/0
  1976 | D:3      | Learned a level 3 spell: Gell's Gravitas
  2455 | D:3      | Found a runed translucent gate.
  2457 | D:3      | Found a runed translucent gate.
  2457 | D:3      | Found a runed translucent gate.
  2996 | D:3      | Noticed logorrheac's ghost (amateur OpVM)
  3170 | D:4      | Found a snail-covered altar of Cheibriados.
  3338 | D:4      | Reached skill level 5 in Fighting
  3501 | D:4      | Reached * piety under Makhleb
  3502 | D:4      | Reached XP level 8. HP: 41/59 MP: 0/0
  3642 | D:4      | Found a shadowy altar of Dithmenos.
  4202 | D:5      | Entered Level 5 of the Dungeon
  4331 | D:5      | Reached skill level 5 in Spellcasting
  4345 | D:5      | Found a hide-covered altar of Uskayaw.
  4789 | D:5      | Reached skill level 6 in Fighting
  5433 | D:6      | Reached XP level 9. HP: 67/67 MP: 0/0
  5433 | D:6      | Learned a level 3 spell: Summon Guardian Golem
  5449 | D:6      | Reached skill level 5 in Invocations
  5537 | D:6      | Found a sparkling altar of Nemelex Xobeh.
  5689 | D:6      | Reached ** piety under Makhleb
  5808 | D:6      | Reached skill level 7 in Fighting
  5816 | D:6      | Found a transporter.
  5819 | D:6      | Noticed ytrimaz's ghost (novice DjFi)
  5995 | D:6      | Found a transporter.
  6520 | D:6      | Found a broken altar of Ashenzari.
  6768 | D:7      | Found a staircase to the Ecumenical Temple.
  6871 | D:7      | Found an iron altar of Okawaru.
  6948 | D:7      | Reached XP level 10. HP: 46/76 MP: 0/0
  7069 | D:7      | Found Tuezuula's Magic Scroll Shop.
  7102 | D:7      | Bought a scroll of teleportation for 42 gold pieces
  7162 | D:7      | Noticed Menkaure
  7322 | D:7      | Killed Menkaure
  7323 | D:7      | Reached skill level 8 in Fighting
  8278 | D:8      | Noticed Joseph
  8309 | D:8      | Killed Joseph
  8386 | D:8      | Found Irekh's Assorted Antiques.
  9248 | D:9      | Reached *** piety under Makhleb
  9249 | D:9      | Reached skill level 9 in Fighting
  9425 | D:9      | Found a basalt altar of Yredelemnul.
  9481 | D:9      | Reached skill level 1 in Evocations
  9501 | D:9      | Reached XP level 11. HP: 66/84 MP: 0/0
  9501 | D:9      | Learned a level 5 spell: Metabolic Englaciation
 10239 | D:10     | Entered Level 10 of the Dungeon
 10239 | D:10     | Noticed a centaur warrior
 10256 | D:10     | Killed a centaur warrior
 10649 | D:10     | Reached **** piety under Makhleb
 10651 | D:10     | Found a staircase to the Orcish Mines.
 10677 | D:10     | Reached skill level 10 in Fighting
 10786 | D:10     | Killed from afar by a shadow imp

Illustrated notes

Levels and vault maps discovered:
D:1:      amcnicky_arrival_underground_garden, layout_loops_ring, serial_shops,
          nicolae_shop_window_shopping, minmay_shallow_snake_nest
D:2:      layout_loops_ring, serial_shops, nicolae_shop_statue_plus,
          nicolae_shop_crystal
D:3:      wad_lake_hut, layout_loops_ring, mainiacjoe_overflow_six_doors_small,
          gammafunk_ghost_necromancy, serial_shops, shop_coins,
          minmay_misc_feat_chi, uniq_sigmund, uniq_jessica, uniq_grinder
D:4:      layout_loops_ring, slow_altar_1, mainiacjoe_overflow_tiny_flanked,
          palyth_stone_intersect
D:5:      layout_basic, nicolae_uskayaw_murder_on_the_dancefloor,
          chequers_serial_rivers_micro_e
D:6:      layout_basic, mainiacjoe_overflow_chevrons, overflow_temple_1_default,
          kennysheep_mini, gammafunk_ghost_stat_death, minmay_manual_monstrance
D:7:      layout_rooms, mainiacjoe_overflow_cross_hatched,
          minmay_temple_entry_slanted, serial_shops, shop_scrolls, uniq_menkaure
D:8:      layout_basic, serial_shops, nicolae_shop_overgrown_old_shop,
          uniq_joseph
D:9:      layout_roguey, marbit_many_paths
D:10:     layout_loops_cross, erik_orc_4, ebering_ghost_reflecting_pool

Skill      XL: |  1  2  3  4  5  6  7  8  9 10 11 |
---------------+----------------------------------+-----
Fighting       | 1 3 4 5 6 7 9 10 | 10.0
Spellcasting   | 3 4 5 6 7 8 |  8.1
Invocations    | 2 3 4 6 8 9 |  9.2
Evocations     | 1 4 |  4.0
Dodging        | |  2.1
Stealth        | |  1.5

Action                   |  1- 3 |  4- 6 |  7- 9 | 10-12 || total
-------------------------+-------+-------+-------+-------++-------
Melee: Dagger            |     2 |    16 |    40 |       ||    58
       Staff             |     2 |       |    49 |    92 ||   143
       Punch             |       |     1 |     3 |     2 ||     6
       Whip              |       |       |       |     8 ||     8
 Fire: Sling             |     5 |    17 |       |       ||    22
 Cast: Sting             |    56 |       |    62 |     5 ||   123
       Poisonous Vapours |     8 |    18 |   140 |    81 ||   247
       Mephitic Cloud    |     1 |     1 |     4 |    15 ||    21
       Gell's Gravitas   |       |       |     1 |       ||     1
       Olgreb's Toxic Ra |       |       |     7 |    20 ||    27
       Summon Guardian G |       |       |     1 |    18 ||    19
       Kiss of Death     |       |       |       |     4 ||     4
  Use: Potion            |       |     3 |       |       ||     3
       Scroll            |       |       |    16 |     3 ||    19
 Stab: Confused          |       |       |       |     4 ||     4
Armor: Robe              |     4 |       |    24 |       ||    28
       Skin              |       |     8 |       |       ||     8
       Steam dragon scal |       |       |       |    46 ||    46
Dodge: Dodged            |    18 |     1 |   110 |   109 ||   238

Table legend: (Time is in decaauts)
 A = Elapsed time spent in this place.
 B = Non-inter-level travel time spent in this place.
 C = Inter-level travel time spent in this place.
 D = Time resting spent in this place.
 E = Time spent auto-exploring this place.
 F = Levels seen in this place.
 G = Mean time per level.
                   A        B        C        D        E       F      G
               +--------+--------+--------+--------+--------+-----+--------+
         Total |  10811 |  10513 |    298 |    621 |   7762 |  10 | 1081.1 |
       Dungeon |  10811 |  10513 |    298 |    621 |   7762 |  10 | 1081.1 |
               +--------+--------+--------+--------+--------+-----+--------+

Top non-repeatable levels by time:
     D:6: 1559 daAuts
     D:3: 1458 daAuts
     D:4: 1246 daAuts
     D:8: 1196 daAuts
     D:9: 1128 daAuts
     D:5: 1094 daAuts
     D:7: 1028 daAuts
     D:1: 901 daAuts
     D:2: 642 daAuts
    D:10: 554 daAuts
